Map: Tours du crépuscule

Players

zidar

  • Race: Zerg Zerg
  • League: Silver
  • Spawn Location: 7:00

Kalle - Winner!

  • Race: Terran Terran
  • League: Silver
  • Spawn Location: 1:00

VOD

Have the link to the VOD?

Description

Time

  • Played on: Dec. 30, 2015, 11:27 a.m.
  • Length: 16:16
Show
View Real Time Build Order
Export as new Build Order

zidar Zerg 

Build Orders: Hatch First 

Get SALT Encoding   

  12  0:01  Drone  
  13  0:12  Overlord  
  13  0:17  Drone  
  14  0:30  Drone x2  
  14  0:34  Drone  
  17  0:57  Hatchery, Drone  
  17  1:02  Extractor  
  17  1:03  Drone  
  17  1:21  Drone  
  18  1:26  Spawning Pool  
  18  1:27  Drone  
  18  1:37  Drone  
  18  1:39  Overlord  
  19  1:57  Overlord  
  19  2:13  Metabolic Boost  
  19  2:15  Queen x2  
  20  2:19  Zergling x2  
  20  2:22  Zergling x2  
  24  2:25  Zergling x2  
  25  2:36  Baneling Nest  
  24  2:50  Zergling x10  
  29  3:08  Evolution Chamber  
  28  3:21  Baneling  
  28  3:22  Baneling  
  28  3:23  Baneling  
  28  3:31  Zergling x16  
  35  3:54  Zergling x4  
  35  3:55  Zergling x6  
  40  3:57  Overlord  
  40  4:00  Zergling x2  
  41  4:04  Baneling  
  41  4:05  Baneling  
  41  4:16  Zergling x2  
  41  4:17  Zergling x4  
  44  4:20  Zergling x2  
  37  5:07  Zergling x22  
  48  5:48  Drone x4  
  52  5:50  Overlord x3  
  52  6:05  Lair  
  52  6:16  Extractor  
  51  6:20  Baneling x7  
  48  7:35  Drone x8  
  48  7:36  Drone  
  55  7:59  Pneumatized Carapace  
  55  8:04  Drone x9  
  64  8:07  Roach Warren, Zerg Melee Weapons Level 1  
  63  8:26  Centrifical Hooks  
  63  8:50  Extractor x2  
  63  8:55  Hatchery  
  58  9:45  Zergling x26  
  60  9:46  Zergling x18  
  74  10:13  Baneling x8  
  74  10:14  Baneling  
  74  10:15  Baneling x7  
  74  10:18  Overlord x3  
  74  10:19  Overlord  
  74  10:21  Queen  
  76  10:26  Zerg Melee Weapons Level 2  
  76  10:31  Evolution Chamber, Overseer  
  75  10:36  Drone x6  
  81  11:04  Drone x3  
  84  11:12  Spire, Zerg Ground Armor Level 1  
  66  11:51  Zergling x2  
  66  11:52  Zergling x48  
  91  12:08  Extractor  
  90  12:09  Extractor, Infestation Pit  
  88  12:27  Mutalisk x7  
  88  12:28  Mutalisk  
  104  12:41  Drone  
  104  12:42  Drone x7  
  112  12:49  Hive  
  112  12:57  Mutalisk  
  114  13:02  Overlord  
  114  13:03  Overlord x3  
  114  13:31  Mutalisk  
  114  13:32  Mutalisk x4  
  124  13:36  Zergling x2  
  124  13:37  Zergling x6  
  124  13:39  Hatchery  
  78  14:13  Zergling x24  
  78  14:14  Zergling x2  
  91  14:21  Baneling x2  
  91  14:22  Baneling x6  
  91  14:34  Ultralisk Cavern  
  71  15:22  Extractor  
  71  15:24  Extractor  
  60  15:39  Zergling x24  
  60  15:40  Zergling x26  
Show
View Real Time Build Order
Export as new Build Order

Kalle Terran - Winner!

Build Orders:  

Get SALT Encoding   

  12  0:06  SCV  
  13  0:17  Supply Depot  
  13  0:18  SCV  
  14  0:25  Refinery  
  14  0:30  SCV  
  15  0:46  Barracks  
  15  0:50  SCV  
  16  1:02  Barracks  
  16  1:13  SCV  
  17  1:25  SCV  
  18  1:28  Barracks  
  18  1:37  SCV  
  19  1:42  Supply Depot  
  19  1:52  Barracks Tech Lab  
  19  1:58  Barracks Reactor, Orbital Command  
  19  2:14  Marauder  
  21  2:16  Barracks Reactor  
  21  2:23  Supply Depot  
  21  2:30  Refinery  
  21  2:35  Marauder  
  21  2:36  SCV  
  24  2:40  Marine  
  24  2:43  Marine  
  26  2:48  SCV  
  27  2:54  Marine  
  27  2:55  Marine  
  29  3:03  Marauder  
  31  3:07  Marine x2  
  33  3:12  Supply Depot  
  33  3:24  Marine  
  33  3:25  Marine, Marauder  
  37  3:32  Engineering Bay  
  37  3:37  Marine x2  
  39  3:42  Marine  
  39  3:46  Marauder  
  42  3:48  Marine  
  43  3:57  Marine x2  
  43  4:00  Marine  
  46  4:31  Supply Depot  
  46  4:35  Marine  
  46  4:38  Command Center  
  47  4:41  Combat Shield  
  47  4:48  Terran Infantry Weapons Level 1  
  48  4:53  Marauder  
  48  4:54  Supply Depot  
  48  4:56  Marine x3  
  27  5:08  Marine  
  27  5:14  Marine, Marauder  
  30  5:20  SCV  
  32  5:30  Engineering Bay  
  32  5:32  Marine x2, SCV  
  32  5:34  Marine x2  
  39  5:35  Marauder  
  39  5:50  Marine x2  
  39  5:52  SCV x2  
  45  5:57  Marauder  
  45  6:00  Concussive Shells  
  45  6:03  Terran Infantry Armor Level 1  
  45  6:04  SCV  
  46  6:07  SCV  
  47  6:16  SCV  
  47  6:17  Marine, Factory  
  47  6:18  Marauder  
  51  6:38  Command Center  
  51  6:39  Marauder  
  53  6:47  Orbital Command  
  53  6:57  Marine  
  53  7:00  Missile Turret  
  53  7:01  Marauder  
  56  7:08  Marine  
  56  7:09  Marine x2  
  57  7:19  Marine  
  57  7:21  Missile Turret  
  57  7:22  Marauder  
  60  7:26  Marine x2  
  61  7:43  Missile Turret  
  61  7:45  SCV x2  
  61  7:46  Missile Turret  
  63  7:51  Factory Reactor  
  63  7:57  SCV x2  
  65  7:59  Factory  
  65  8:00  Armory  
  65  8:03  Orbital Command  
  65  8:09  SCV  
  66  8:25  Starport  
  66  8:27  SCV x2  
  66  8:28  Armory  
  66  8:30  SCV  
  69  8:38  Supply Depot  
  69  8:39  SCV  
  69  8:40  SCV  
  71  8:43  SCV  
  71  8:46  Refinery  
  72  8:49  Refinery  
  72  8:51  Marauder  
  72  8:52  SCV x2  
  72  8:55  SCV  
  77  9:04  SCV x2  
  77  9:06  Factory Tech Lab  
  77  9:07  Starport Reactor, SCV  
  84  9:10  Widow Mine x2  
  84  9:12  Marine x4  
  84  9:13  Marine  
  84  9:16  SCV x2  
  91  9:19  SCV  
  92  9:28  SCV x2  
  92  9:30  Marine  
  96  9:31  SCV  
  92  9:40  SCV x2  
  92  9:43  SCV  
  91  9:51  Marine x4, Marauder, Missile Turret  
  95  9:55  SCV, Siege Tank  
  101  10:03  Widow Mine  
  101  10:13  Refinery  
  101  10:15  Refinery  
  101  10:19  Supply Depot  
  101  10:22  Supply Depot  
  101  10:25  Missile Turret  
  101  10:31  Terran Infantry Weapons Level 2  
  101  10:40  Marine  
  101  10:41  Marauder  
  108  10:44  Siege Tank  
  108  10:46  Missile Turret  
  108  10:48  Widow Mine x2  
  111  11:00  Supply Depot  
  111  11:01  Marine x4  
  111  11:02  Marauder  
  117  11:17  Supply Depot x2  
  117  11:20  Supply Depot  
  117  11:21  Marine x2, Medivac x2  
  117  11:22  Supply Depot  
  125  11:26  Marauder  
  125  11:29  Widow Mine  
  125  11:32  Marine x2  
  86  11:39  Marine x2  
  89  11:42  Supply Depot  
  89  11:47  Marauder  
  89  11:49  Barracks  
  89  11:50  Marine x2  
  89  11:51  Barracks, Medivac x2  
  89  11:52  Barracks  
  97  11:57  Marine x2  
  97  12:01  Supply Depot x3  
  99  12:04  Hellion  
  99  12:05  Hellion x2  
  99  12:08  Marine x2, Marauder  
  109  12:10  Infernal Pre-Igniter  
  109  12:15  Marine  
  110  12:26  Hellion x3  
  118  12:30  Marauder  
  118  12:43  Barracks Reactor  
  118  12:44  Barracks Reactor  
  118  12:47  Hellion x2  
  118  12:48  Hellion  
  118  12:50  Barracks Reactor  
  126  12:51  Marauder  
  126  13:05  Marine  
  126  13:06  Marine x3  
  126  13:09  Refinery, Hellion x3  
  126  13:11  Command Center  
  126  13:12  Marine  
  137  13:13  Refinery  
  137  13:23  Marine x2  
  137  13:24  Marine x2  
  141  13:27  Marine  
  141  13:28  Marine x5  
  141  13:30  Marauder, Hellion  
  151  13:39  Stimpack  
  151  13:41  Marine x4  
  151  13:45  Marine x3  
  151  13:46  Marine x3  
  123  13:52  Marauder  
  116  13:59  Marine x4  
  118  14:03  Marine x6  
  120  14:13  Marauder, Medivac x2  
  120  14:17  Marine x4  
  126  14:21  Marine x6  
  136  14:24  Orbital Command  
  136  14:34  Marine x2  
  136  14:35  Marine x3  
  141  14:38  Marine  
  141  14:39  Marine x5  
  141  14:43  Medivac x2  
  151  14:51  SCV  
  151  14:52  Marine x3  
  153  14:53  Marine  
  153  14:56  SCV x3  
  153  14:59  Marine x7  
  163  15:03  SCV  
  167  15:10  Marine x3, Marauder  
  167  15:13  Medivac x2  
  143  15:15  SCV  
  143  15:17  Marine x7  
  145  15:28  Marine x3  
  137  15:32  Marauder  
  137  15:34  Marine  
  137  15:35  Marine x6  
  143  15:46  Marine x3  
  148  15:52  Marine  
  148  15:53  Marine x6, Marauder  
Tags
 
Add a new tag
Caveats
  • Supply blocks, unpowered buildings, or Contaminate may cause inaccurate times.
  • Supply counts are checked every 10 seconds.